 Dungeon Crawl Stone Soup version 0.32-a0-612-g1c984fe9d1 (webtiles) character file.

Game seed: 2716416872996459952

30 croobank the Sneak (level 3, -11/20 HPs)
             Began as a Felid Delver on Mar 4, 2024.
             Mangled by a sleepcap (19 damage)
             ... on level 4 of the Dungeon.
             The game lasted 00:04:25 (180 turns).

croobank the Sneak (Felid Delver)                    Turns: 180, Time: 00:04:26

Health: -11/20     AC:  1    Str:  8    XL:     3   Next: 3%
Magic:  4/4        EV:  4    Int: 15    God:
Gold:   14         SH:  0    Dex: 17    Spells: 2/2 levels left
                                        Lives:  0   Deaths: 1

rFire   . .          .
                       - Unarmed
rCold   . . .        (shield unavailable)
rNeg    . . .        (body armour unavailable)
rPois   .            (helmet unavailable)
rElec   .            (cloak unavailable)
rCorr   .            (gloves unavailable)
SInv    +            (boots unavailable)
Will    .....        (no amulet)
Stlth   ++++         (no ring)
HPRegen 0.23/turn    (no ring)
MPRegen 0.09/turn

%: no passive effects
@: sleeping
A: very small, claws 1, fangs 3, see invisible, shaggy fur 1, stealthy paws, no
weapons or thrown items, no armour, multi-lived
a: no special abilities


You were on level 4 of the Dungeon.
You visited 1 branch of the dungeon, and saw 3 of its levels.

You collected 14 gold pieces.

Inventory:

Jewellery
 g - a ring of magical power
Wands
 e - a wand of digging (3)
 f - a wand of mindburst (17)
Scrolls
 a - a scroll of teleportation {unknown}
 b - a scroll of revelation
 h - a scroll of vulnerability {unknown}


   Skills:
 + Level 3.3 Fighting
 + Level 3.3 Dodging
 + Level 6.9 Stealth
 + Level 2.4 Unarmed Combat


You had 2 spell levels left.
You didn't know any spells.
Your spell library was empty.

Dungeon Overview and Level Annotations

Branches:
Dungeon (6/15)
 Temple: D:4-7

Altars:
Makhleb


Innate Abilities, Weirdness & Mutations

You have sharp claws.
You have razor-sharp teeth.
You have supernaturally acute eyesight. (SInv)
You are covered in fur. (AC +1)
Your paws help you pounce on unaware monsters.
You are incapable of wielding weapons or throwing items.
You cannot wear armour.
You gain extra lives every three experience levels.


Message History

You rejoin the land of the living...
Unknown command.
Found a stone staircase leading up.
There is a stone staircase leading up here.
You climb upwards.
You hear the sound of rushing water.
There is an entrance to a sewer on this level.
Hurry and find it before the portal rusts away!
Found a scroll labelled ADOSHATISA and a pair of boots.
There is a stone staircase leading down here.
Saving game... please wait.
You hear the sound of rushing water.
There is an entrance to a sewer on this level.
Hurry and find it before the portal rusts away!
Welcome back, croobank the Felid Delver.
Press ? for a list of commands and other information.
a - a scroll labelled ADOSHATISA A sleepcap comes into view.
Found a silvery potion.
The sleepcap closely misses you.
You scratch the sleepcap.
The sleepcap is lightly damaged.
The sleepcap releases spores at you.
You scratch the sleepcap but do no damage.
The sleepcap is lightly damaged.
The sleepcap misses you.
You scratch the sleepcap but do no damage.
The sleepcap is lightly damaged.
You hear the slow rusting of a very distant drain.
You scratch the sleepcap.
The sleepcap is moderately damaged.
The sleepcap completely misses you.
You completely miss the sleepcap.
The sleepcap is moderately damaged.
The sleepcap completely misses you.
You scratch the sleepcap but do no damage.
The sleepcap is moderately damaged.
The sleepcap releases spores at you!
You are engulfed in a cloud of soporific spores!
You fall asleep.
The sleepcap releases spores at you!!
Ouch! That really hurt!
You die...

#.# .. ###.# ..
#...# #! #.#.# #.
#...# #. ##.## #.
##### #.#
#.##.#.####...###.#
#.....f@....#.....#
###########...#####
#####


You could see a sleepcap.

Vanquished Creatures
  A sleepcap (D:6)
  An orc (D:5)
2 creatures vanquished.

Notes
Turn   | Place    | Note
-------+----------+-------------------------------------------
     0 | D:5      | croobank the Felid Delver began the quest for the Orb.
     0 | D:5      | Reached XP level 1. HP: 12/12 MP: 2/2
    40 | D:5      | Noticed an orc wizard
    56 | D:6      | Noticed a sleepcap
    57 | D:6      | Found a burning altar of Makhleb.
    61 | D:6      | Noticed a steam dragon
    65 | D:6      | Killed a sleepcap
    66 | D:6      | Reached XP level 2. HP: 16/16 MP: 3/3
    94 | D:5      | Reached XP level 3. HP: 12/20 MP: 4/4
   109 | D:5      | Mangled by an orc
   109 | D:5      | Lost a life (0 lives remaining)
   180 | D:4      | Mangled by a sleepcap

Illustrated notes

Levels and vault maps discovered:
D:4:      layout_loops_cross, portal_sewer_entry_e
D:5:      layout_basic, chequers_temple_overflow_statue_of_worship,
          minmay_misc_feat_plants, uniq_duvessa, uniq_prince_ribbit1, uniq_pikel
D:6:      layout_basic, mainiacjoe_overflow_alcove_1, elyvilon_altar_4,
          kennysheep_mini_moat, temple_statues, small_statue_intersection,
          uniq_crazy_yiuf_cottage, uniq_blork_the_orc

Skill      XL: |  1 |
---------------+----+-----
Dodging        | 3 |  3.3
Fighting       | |  3.3
Stealth        | |  6.9
Unarmed Combat | |  2.4

Action                     || total
---------------------------++-------
  Melee: Unarmed           ||    16
         Bite              ||     2
         Punch             ||     1
    Use: Scroll            ||     2
         Potion            ||     2
   Stab: Sleeping          ||     2
 Armour: Skin              ||     9
  Dodge: Dodged            ||     9

Table legend: (Time is in decaauts)
 A = Elapsed time spent in this place.
 B = Non-inter-level travel time spent in this place.
 C = Inter-level travel time spent in this place.
 D = Time resting spent in this place.
 E = Time spent auto-exploring this place.
 F = Levels seen in this place.
 G = Mean time per level.
                   A        B        C        D        E       F      G
               +--------+--------+--------+--------+--------+-----+--------+
         Total |    169 |    156 |     13 |      0 |     65 |   3 |   56.3 |
       Dungeon |    169 |    156 |     13 |      0 |     65 |   3 |   56.3 |
               +--------+--------+--------+--------+--------+-----+--------+

Top non-repeatable levels by time:
     D:6: 70 daAuts
     D:4: 53 daAuts
     D:5: 45 daAuts
